 Dungeon Crawl Stone Soup version 0.21.1-1-g345015f (webtiles) character file.

161 kaesh the Skirmisher (level 5, -3/78 HPs)
             Began as a Minotaur Berserker on Mar 15, 2018.
             Was a Believer of Trog.
             Killed from afar by Ijyb (11 damage)
             ... with a wand of acid (3)
             ... on level 3 of the Dungeon.
             The game lasted 00:05:05 (1935 turns).

kaesh the Skirmisher (Minotaur Berserker)           Turns: 1935, Time: 00:05:05

Health: -3/78      AC:  5    Str: 27    XL:     5   Next: 18%
Magic:  4/4        EV: 12    Int:  4    God:    Trog [**....]
Gold:   58         SH:  0    Dex: 10    Spells: 4/4 levels left

rFire    . . .     SeeInvis .   a - +1 hand axe
rCold    . . .     Gourm    .   (no shield)
rNeg     . . .     Faith    .   e - +0 ring mail
rPois    .         Spirit   .   (helmet restricted)
rElec    .         Reflect  .   (no cloak)
rCorr    .         Harm     .   (no gloves)
MR       .....     Rnd*Rage +   (no boots)
Stlth    ..........             (no amulet)
HPRegen  0.23/turn              (no ring)
MPRegen  0.09/turn              (no ring)

@: berserking, very quick
A: retaliatory headbutt, horns 2, talons 1, berserk 1, robust 1
a: Berserk, Trog's Hand, Burn Spellbooks, Renounce Religion


You were on level 3 of the Dungeon.
You worshipped Trog.
Trog was pleased with you.
You were very hungry.

You visited 1 branch of the dungeon, and saw 3 of its levels.

You collected 58 gold pieces.

Inventory:

Hand Weapons
 a - a +1 hand axe (weapon)
Armour
 e - a +0 ring mail (worn)
Scrolls
 g - 2 scrolls of immolation
 h - 3 scrolls of identify
Potions
 d - a potion of curing
 i - a potion of heal wounds {unknown}
 j - a potion of might {unknown}
 l - a potion of ambrosia {unknown}
Comestibles
 b - 6 chunks of flesh
 c - 2 rations


   Skills:
 + Level 5.1 Fighting
 + Level 5.1 Axes
 + Level 3.6 Armour
 + Level 2.7 Dodging


You had 4 spell levels left.
You didn't know any spells.

Dungeon Overview and Level Annotations

Branches:
Dungeon (3/15)

Altars:
Cheibriados

Annotations:
D:3 Ijyb


Innate Abilities, Weirdness & Mutations

You reflexively headbutt those who attack you in melee.
You have a pair of horns on your head.
You have sharp toenails.
You tend to lose your temper in combat.
You are robust. (+10% HP)


Message History

Ijyb is moderately wounded.
Ijyb barely misses you. You furiously retaliate!
You headbutt Ijyb, but do no damage. You closely miss Ijyb.
Ijyb is moderately wounded.
Ijyb zaps a wand.
The bolt of acid hits you!
You are splashed with acid!
The acid burns!
* * * LOW HITPOINT WARNING * * *
You hit Ijyb but do no damage. Your kick misses Ijyb.
Ijyb is moderately wounded.
Ijyb hits you with a dagger.
* * * LOW HITPOINT WARNING * * *
You barely miss Ijyb.
Ijyb is moderately wounded.
Ijyb barely misses you.
A red film seems to cover your vision as you go berserk!
You feel yourself moving faster!
You feel mighty!
You are feeling very hungry.
Ijyb zaps a wand.
The bolt of acid hits you!
You die...

#.....># #......#
#......###### #######
#............ .......##
#............ ........##
#............ .........#
#............
........g########...)........
8.....8#wggg@)....[...)......
....gg.#.#######...#..#..)...
8..g.g8#.####........########
......g#.. ..........# ####
8..g..8#... .#....##.## ##...
...g..w#.####.≈≈≈.##.÷###....
8.....8##....≈≈≈≈≈###.##.....
#.....≈≈.≈≈###.##.....
#######.....≈≈≈≈≈.##.##.....


You could see Ijyb, a worm and 3 goblins.

Vanquished Creatures
  An orc priest (D:2)
  An orc wizard (D:2)
  3 adders
  An ooze (D:1)
  A worm (D:2)
  3 dart slugs
  2 leopard geckos
  3 orcs (D:2)
  4 giant cockroaches
  9 goblins
  6 hobgoblins
  A quokka (D:3)
  2 ball pythons (D:1)
  4 bats
  5 frilled lizards
  7 kobolds
  6 rats
59 creatures vanquished.

Notes
Turn   | Place    | Note
-------+----------+-------------------------------------------
     0 | D:1      | kaesh the Minotaur Berserker began the quest for the Orb.
     0 | D:1      | Reached XP level 1. HP: 19/19 MP: 0/0
   130 | D:1      | Reached XP level 2. HP: 22/27 MP: 1/1
   438 | D:1      | Reached XP level 3. HP: 28/33 MP: 2/2
   735 | D:2      | Reached ** piety under Trog
   740 | D:2      | Gained mutation: You have sharp toenails. [potion of mutation]
   740 | D:2      | Gained mutation: You tend to lose your temper in combat. [potion of mutation]
   740 | D:2      | Gained mutation: You are robust. (+10% HP) [potion of mutation]
  1090 | D:2      | Reached XP level 4. HP: 10/45 MP: 3/3
  1455 | D:2      | Reached skill level 5 in Axes
  1734 | D:3      | Reached skill level 5 in Fighting
  1734 | D:3      | Reached XP level 5. HP: 46/52 MP: 4/4
  1817 | D:3      | Found a snail-covered altar of Cheibriados.
  1910 | D:3      | Noticed Ijyb
  1935 | D:3      | Killed from afar by Ijyb

Skill      XL: |  1  2  3  4 |
---------------+-------------+-----
Fighting       | 4 5 |  5.1
Axes           | 4 5 |  5.1
Armour         | 3 |  3.6
Dodging        | |  2.7

Action                   |  1- 3 |  4- 6 || total
-------------------------+-------+-------++-------
Melee: Hand axe          |    65 |    55 ||   120
       Headbutt          |     8 |     2 ||    10
       Kick              |     3 |    15 ||    18
Invok: Berserk           |       |     1 ||     1
  Use: Scroll            |     5 |     1 ||     6
       Potion            |     2 |     2 ||     4
 Stab: Sleeping          |       |     1 ||     1
  Eat: Chunk             |     1 |     2 ||     3
Armor: Ring mail         |    21 |    16 ||    37
Dodge: Dodged            |    43 |    27 ||    70
